AoeStats
← WOODS3851

Fortress

509675450Analyzed
4v4 RM · 3d ago on Sep 27, 2026· 53m 34s· 8 players
Game mode
Random Map
Map size
Huge
Population
200
Speed
Normal
Resources
Standard
Victory
Conquest
Starting age
Dark Age
Ending age
Imperial Age
RankedLock teamsTeams togetherTeam positionsShared explorationLock speedFull tech treeHidden civsTurbo modeCheats
Victory
Defeat
🇺🇸 Spanish · United States
897
+16
🇨🇳 Magyars · China
894
+16
🇩🇪 Sicilians · Germany
879
+16
🇨🇿 Persians · Czechia
874
+17
🇬🇧 Spanish · United Kingdom
944
-19
🇺🇦 Byzantines · Ukraine
899
-17
🇨🇿 Magyars · Czechia
871
-15
🇺🇦 Britons · Ukraine
838
-14
紫幽冰云
7:16 Feudal Age
8:32 Horse Collar
9:22 Double-Bit Axe
13:44 Castle Age
16:56 Bow Saw
16:55 Heavy Plow
17:15 Gold Mining
19:47 Wheelbarrow
20:00 Gold Shaft Mining
21:26 Hand Cart
22:35 Fletching
22:46 Padded Archer Armor
23:56 Thumb Ring
27:32 Imperial Age
24:59 Bodkin Arrow
25:35 Leather Archer Armor
26:12 Ballistics
28:47 Parthian Tactics
27:45 Heavy Cavalry Archer
28:29 Recurve Bow
28:50 Conscription
29:57 Chemistry
31:00 Bracer
46:08 Scale Barding Armor
46:34 Ring Archer Armor
46:10 Corvinian Army
47:07 Stone Mining
46:42 Elite Magyar Huszar
Jan
2:43 Loom
3:02 Loom
8:02 Feudal Age
9:30 Double-Bit Axe
10:36 Horse Collar
15:02 Castle Age
13:10 Gold Mining
17:36 Bow Saw
19:03 Heavy Plow
22:30 Imperial Age
23:55 Imperial Age
23:43 Forging
23:39 Scale Barding Armor
24:57 Wheelbarrow
24:28 Stone Mining
24:37 Elite Conquistador
28:19 Husbandry
30:13 Hand Cart
30:10 Bloodlines
31:40 Iron Casting
32:05 Chain Barding Armor
31:07 Cavalier
33:15 Two-Man Saw
32:53 Stone Shaft Mining
32:57 Town Watch
33:13 Paladin
35:27 Blast Furnace
35:04 Plate Barding Armor
36:02 Scale Mail Armor
35:53 Fletching
36:04 Padded Archer Armor
37:18 Chemistry
37:32 Caravan
39:37 Inquisition
39:08 Sappers
39:59 Conscription
41:30 Chain Mail Armor
41:30 Leather Archer Armor
41:12 Bodkin Arrow
43:48 Squires
43:34 Arson
43:10 Pikeman
44:22 Ring Archer Armor
44:25 Plate Mail Armor
44:26 Ring Archer Armor
43:57 Bracer
BoldCastle13
5:18 Loom
8:46 Feudal Age
10:03 Wheelbarrow
9:15 Double-Bit Axe
9:11 Horse Collar
13:11 Bloodlines
16:43 Castle Age
16:47 Gold Mining
16:49 Stone Mining
18:01 Forging
17:52 Scale Mail Armor
18:33 Bow Saw
20:16 Iron Casting
19:56 Chain Mail Armor
20:06 Heavy Plow
21:46 Husbandry
22:03 Fletching
27:29 Hand Cart
29:39 Pikeman
35:00 Gold Shaft Mining
35:33 Scale Barding Armor
39:25 Imperial Age
37:17 Chain Barding Armor
38:13 Ballistics
37:49 Murder Holes
39:32 Onager
39:55 Capped Ram
40:07 Cavalier
41:23 Conscription
41:58 Siege Ram
43:21 Elite Serjeant
45:50 Siege Onager
Wallecnik
4:07 Loom
7:18 Feudal Age
16:04 Castle Age
14:40 Horse Collar
14:47 Double-Bit Axe
15:23 Bloodlines
18:49 Husbandry
18:58 Scale Barding Armor
20:20 Bow Saw
21:33 Stone Mining
21:34 Gold Mining
24:52 Chain Barding Armor
26:26 Wheelbarrow
25:37 Town Watch
26:19 Forging
30:55 Imperial Age
29:12 Heavy Plow
32:31 Crop Rotation
33:06 Two-Man Saw
32:43 Gold Shaft Mining
32:45 Stone Shaft Mining
32:42 Elite War Elephant
34:39 Conscription
35:27 Iron Casting
39:08 Blast Furnace
39:21 Plate Barding Armor
47:14 Caravan
WOODS3851
8:06 Feudal Age
7:49 Loom
8:50 Double-Bit Axe
8:53 Horse Collar
9:14 Gold Mining
10:07 Fletching
11:29 Wheelbarrow
13:00 Town Watch
16:20 Castle Age
15:53 Bloodlines
15:48 Padded Archer Armor
16:21 Stone Mining
20:29 Bodkin Arrow
20:50 Leather Archer Armor
21:07 Bow Saw
21:02 Husbandry
24:35 Hand Cart
28:03 Pikeman
28:44 Squires
28:48 Scale Mail Armor
28:58 Forging
29:44 Elite Skirmisher
33:13 Imperial Age
erny_152
7:47 Feudal Age
8:27 Horse Collar
8:33 Double-Bit Axe
11:22 Wheelbarrow
11:37 Loom
12:06 Gold Mining
15:11 Castle Age
14:11 Town Watch
14:33 Fletching
14:46 Padded Archer Armor
16:11 Hand Cart
16:00 Heavy Plow
16:35 Bow Saw
18:47 Stone Mining
22:04 Town Patrol
24:41 Gold Shaft Mining
24:39 Ballistics
29:35 Imperial Age
26:43 Pikeman
30:34 Yeomen
30:33 Bodkin Arrow
32:20 Two-Man Saw
31:58 Leather Archer Armor
33:03 Conscription
34:15 Bracer
34:47 Ring Archer Armor
36:32 Elite Longbowman
39:28 Chemistry
38:42 Masonry
38:27 Halberdier
39:08 Squires
39:22 Forging
toupy21
3:44 Loom
8:02 Feudal Age
10:08 Double-Bit Axe
10:40 Horse Collar
14:37 Castle Age
12:58 Fletching
13:55 Scale Barding Armor
14:27 Bloodlines
14:34 Gold Mining
14:53 Stone Mining
16:18 Bow Saw
19:06 Wheelbarrow
19:15 Town Watch
20:37 Heavy Plow
23:57 Hand Cart
24:34 Corvinian Army
24:56 Chain Barding Armor
25:37 Treadmill Crane
26:02 Husbandry
26:45 Town Patrol
28:48 Scale Mail Armor
28:47 Bodkin Arrow
29:15 Ballistics
28:46 Heated Shot
29:08 Masonry
28:53 Murder Holes
30:12 Gold Shaft Mining
30:45 Chain Mail Armor
29:53 Pikeman
30:19 Arson
30:01 Light Cavalry
35:42 Imperial Age
39:53 Plate Barding Armor
39:18 Bracer
39:19 Padded Archer Armor
40:32 Chemistry
39:38 Siege Engineers
43:04 Conscription
42:05 Elite Magyar Huszar
44:17 Hoardings
44:14 Leather Archer Armor
44:24 Elite Skirmisher
50:59 Halberdier
yustas_art1
4:14 Loom
7:32 Feudal Age
8:03 Double-Bit Axe
8:41 Gold Mining
8:47 Horse Collar
10:24 Forging
13:38 Stone Mining
18:59 Castle Age
19:10 Scale Mail Armor
19:03 Fletching
20:45 Wheelbarrow
21:47 Gold Shaft Mining
21:53 Stone Shaft Mining
23:17 Wheelbarrow
23:40 Gambesons
24:34 Pikeman
30:23 Imperial Age
29:09 Squires
30:07 Heavy Plow
30:32 Hand Cart
31:39 Iron Casting
31:21 Chain Mail Armor
32:55 Chemistry
34:03 Ballistics
33:40 Murder Holes
33:24 Light Cavalry
36:11 Conscription
35:20 Halberdier
39:54 Husbandry
39:47 Capped Ram
44:32 Bow Saw
Connection lost

Rejoining the realm…

Still unreachable

The connection could not be restored.

Session expired

The server has moved on; the page needs a fresh start.